 Dungeon Crawl Stone Soup version 0.29.0-11-gd7f09526c8 (webtiles) character file.

Game seed: 4796152190437472864

0 Iusername the Stinger (level 1, 0/10 HPs)
             Began as a Gargoyle Venom Mage on Sept 2, 2022.
             Slain by a frilled lizard (2 damage)
             ... on level 1 of the Dungeon.
             The game lasted 00:00:28 (55 turns).

Iusername the Stinger (Gargoyle Venom Mage)           Turns: 55, Time: 00:00:29

Health: 0/10       AC:  4    Str: 11    XL:     1   Next: 10%
Magic:  1/3        EV: 11    Int: 15    God:
Gold:   0          SH:  0    Dex: 10    Spells: 3/4 levels left

rFire   . . .      SeeInvis .   (no weapon)
rCold   . . .      Faith    .   (no shield)
rNeg    + . .      Spirit   .   a - +0 robe
rPois   ∞          Reflect  .   (no helmet)
rElec   +          Harm     .   (no cloak)
rCorr   .          Rampage  .   (no gloves)
Will    .....                   (no boots)
Stlth   ++........              (no amulet)
HPRegen 0.03/turn               (no ring)
MPRegen 0.08/turn               (no ring)

@: no status effects
A: sickness immunity, AC +2, negative energy resistance 1, electricity
resistance, torment resistance 1, petrification resistance
a: no special abilities


You were on level 1 of the Dungeon.
You visited 1 branch of the dungeon, and saw 1 of its levels.

Inventory:

Armour
 a - a +0 robe (worn)
Scrolls
 c - a scroll of teleportation {unknown}
Potions
 b - a potion of magic


   Skills:
 + Level 1.5 Dodging
 + Level 2.1 Stealth
 + Level 2.0 Spellcasting
 + Level 0.7 Transmutations
 + Level 3.0 Poison Magic


You had 3 spell levels left.
You knew the following spells:

 Your Spells              Type           Power      Damage    Failure   Level
a - Sting                 Tmut/Pois      28%        1d4       11%         1

Your spell library contained the following spells:

 Spells                   Type           Power      Damage    Failure   Level
 Poisonous Vapours        Pois/Air       12%        N/A       19%         2
 Mephitic Cloud           Conj/Pois/Air  4%         N/A       41%         3
 Olgreb's Toxic Radiance  Pois           10%        N/A       54%         4


Dungeon Overview and Level Annotations

Branches:
Dungeon (1/15)

Altars:


Innate Abilities, Weirdness & Mutations

You are immune to sickness and miasma.
Your stone body is resilient. (AC +2)
You are immune to poison.
You resist negative energy. (rN+)
You are resistant to electric shocks. (rElec)
You are resistant to unholy torment.
You are immune to petrification.


Message History

A goblin comes into view. It is wielding a +0 club.
You can't see any susceptible monsters within range! (Use Z to cast anyway.)
Casting: Sting (safe; 11% risk of failure)
Confirm with . or Enter, or press ? or * to list all spells.
You can't see any susceptible monsters within range! (Use Z to cast anyway.)
Found 8 gold pieces.
The goblin shouts!
You hear an angry hiss.
A frilled lizard comes into view.
The frilled lizard hisses angrily.
The sting misses the goblin.
The goblin hits you but does no damage.
The sting misses the goblin.
The goblin closely misses you.
The sting hits the goblin.
The goblin is poisoned.
The goblin is moderately wounded.
The goblin hits you with a +0 club. The frilled lizard barely misses you.
You are out of magic!
You barely miss the goblin.
The goblin is severely wounded.
The goblin hits you with a +0 club. The frilled lizard closely misses you.
You hit the goblin but do no damage.
The goblin is moderately wounded.
The goblin hits you but does no damage. The frilled lizard bites you.
* * * LOW HITPOINT WARNING * * *
You barely miss the goblin.
The goblin is moderately wounded.
You kill the goblin!
The frilled lizard barely misses you. The frilled lizard bites you.
* * * LOW HITPOINT WARNING * * *
Things that are here:
a +0 club; a goblin corpse The frilled lizard closely misses you.
The frilled lizard bites you but does no damage.
Unknown command.
The frilled lizard misses you.
The frilled lizard bites you but does no damage.
You barely miss the frilled lizard. The frilled lizard barely misses you.
You closely miss the frilled lizard. The frilled lizard closely misses you.
You miss the frilled lizard. The frilled lizard closely misses you.
You barely miss the frilled lizard. The frilled lizard bites you.
You die...

........# ######..
........# ##....$.#
##.#.#### .......
#.....#### .....
#........#####..#
#......#.....#..#
#.........#.....##
##.#.####......).####.##
#.#.# ###..##l@"......
..... ................
...... ####..##.######..
##.#.. ........#
###.....# ###.... ###..


You could see a frilled lizard.

Vanquished Creatures
  A goblin (D:1)
1 creature vanquished.

Vanquished Creatures (others)
  A plant (D:1)
1 creature vanquished.

Grand Total: 2 creatures vanquished

Notes
Turn   | Place    | Note
-------+----------+-------------------------------------------
     0 | D:1      | Iusername the Gargoyle Venom Mage began the quest for the
                  | Orb.
     0 | D:1      | Reached XP level 1. HP: 10/10 MP: 3/3
    55 | D:1      | Slain by a frilled lizard

Illustrated notes

Levels and vault maps discovered:
D:1:      lightli_arrival_flooded_house, layout_rooms, minmay_misc_feat_x,
          dk_noncrumbling_3, minivault_24, palyth_stone_intersect

Action                   || total
-------------------------++-------
Melee: Unarmed           ||    11
 Cast: Sting             ||     3
Armor: Robe              ||     4
Dodge: Dodged            ||     9
